 Dungeon Crawl Stone Soup version 0.29.1-13-g9f3cf754e1 (webtiles) character file.

Game seed: 2950505096107069337

57 khekkus the Insei (level 4, -1/32 HPs)
             Began as a Merfolk Transmuter on Jan 24, 2023.
             Slain by a gnoll
             ... wielding a +2 flail of holy wrath
              (10 damage)
             ... on level 3 of the Dungeon.
             The game lasted 00:06:08 (2651 turns).

khekkus the Insei (Merfolk Transmuter)              Turns: 2651, Time: 00:06:09

Health: -1/32      AC:  2    Str: 12    XL:     4   Next: 0%
Magic:  2/6        EV: 17    Int: 12    God:
Gold:   72         SH:  0    Dex: 14    Spells: 4/7 levels left

rFire   . . .      SeeInvis .     - Unarmed
rCold   . . .      Faith    .   (no shield)
rNeg    . . .      Spirit   .   a - +0 robe
rPois   .          Reflect  .   (helmet currently unavailable)
rElec   .          Harm     .   (no cloak)
rCorr   .          Rampage  .   (no gloves)
Will    .....      Clarity  +   (boots currently unavailable)
Stlth   +.........              (no amulet)
HPRegen 0.10/turn               e - +4 ring of evasion
MPRegen 0.10/turn               (no ring)

@: appendages, wereblooded, unable to drink
A: horns 2, (nimble swimmer 2), mertail, beak, clarity, low MP 1, inability to
drink after injury 1
a: End Transformation


You were on level 3 of the Dungeon.
You had temporarily grown beastly horns.
You visited 1 branch of the dungeon, and saw 3 of its levels.

You collected 72 gold pieces.

Inventory:

Armour
 a - a +0 robe (worn)
Jewellery
 e - a +4 ring of evasion (left hand)
Wands
 j - a wand of paralysis (8)
Scrolls
 c - 2 scrolls of acquirement {unknown}
 f - 2 scrolls of identify {unknown}
 g - a scroll of fog {unknown}
 i - 2 scrolls of immolation {unknown}
 k - a scroll of poison {unknown}
 m - a scroll of enchant weapon {unknown}
 n - a scroll of noise {unknown}
Potions
 b - 2 potions of degeneration {unknown}
 d - a potion of invisibility
 h - a potion of curing {unknown}
 l - a potion of might {unknown}


   Skills:
 - Level 1.1 Fighting
 + Level 3.8 Dodging
 + Level 4.0 Unarmed Combat
 - Level 2.0 Spellcasting
 + Level 3.8 Transmutations


You had 4 spell levels left.
You knew the following spells:

 Your Spells              Type           Power      Damage    Failure   Level
a - Beastly Appendage     Tmut           20%        N/A       5%          1
b - Wereblood             Tmut           10%        N/A       9%          2

Your spell library contained the following spells:

 Spells                   Type           Power      Damage    Failure   Level
 Spider Form              Tmut/Pois      5%         N/A       36%         3
 Poisonous Vapours        Pois/Air       2%         N/A       38%         2
 Ice Form                 Ice/Tmut       5%         N/A       77%         4
 Corpse Rot               Necr/Pois/Air  1%         N/A       95%         4


Dungeon Overview and Level Annotations

Branches:
Dungeon (3/15)

Altars:

Shops:
D:1 :


Innate Abilities, Weirdness & Mutations

You have temporarily grown beastly horns.
((You are very nimble when in or above water. (Stealth+, EV+, Speed+++)))
Your lower body shifts to a powerful aquatic tail in water.
You have a beak for a mouth.
You possess an exceptional clarity of mind.
Your magical capacity is low. (-10% MP)
You occasionally lose the ability to drink potions when taking damage.


Message History

The jackal is almost dead.
The jackal misses you. The jackal barely misses you.
You closely miss the jackal.
The jackal is almost dead.
The jackal bites you.
You closely miss the jackal. You punch the jackal.
You kill the jackal!
You hit the jackal. Your headbutt misses the jackal.
The jackal is severely wounded.
The jackal closely misses you.
You hit the jackal.
You kill the jackal!
You have reached level 4!
You see here a jackal corpse.
You start resting.
Your horns disappear.
A gnoll comes into view.
It is wielding a +2 flail of holy wrath.
Casting: Wereblood (safe; 9% risk of failure)
Confirm with . or Enter, or press ? or * to list all spells.
You grow a pair of large bovine horns.
The gnoll shouts!
You hear a shout!
Casting: Beastly Appendage (safe; 5% risk of failure)
Confirm with . or Enter, or press ? or * to list all spells.
Your blood is infused with primal strength.
The gnoll hits you with a +2 flail of holy wrath!
* * * LOW HITPOINT WARNING * * *
You hit the gnoll but do no damage. Your headbutt misses the gnoll.
The gnoll misses you.
You closely miss the gnoll. The gnoll closely misses you.
You completely miss the gnoll. Your headbutt misses the gnoll.
The gnoll closely misses you.
You closely miss the gnoll. You headbutt the gnoll. You peck the gnoll.
The gnoll is heavily wounded.
The gnoll closely misses you.
You hit the gnoll. Your headbutt misses the gnoll. Your peck misses the gnoll.
The gnoll is almost dead.
A gnoll comes into view. It is wielding a +0 whip.
The gnoll hits you with a +2 flail of holy wrath!
You feel threatened and lose the ability to drink potions!
You die...

#.#...# #.#...#
#.#...# #
#.#...####.#
#......)...#.
#.####....#.......
#.........g.......
####..#†#.....##
#..#@#.....# #
######..#g###.####
#.
...................
.#
########.#.........
.# #.#####.#...
.#############.#
#.##
.##............#
....#.......)#.#
###...######.#.#


You could see 2 gnolls.

Vanquished Creatures
  2 adders (D:2)
  A worm (D:2)
  A dart slug (D:2)
  An orc (D:2)
  3 endoplasms
  5 goblins
  3 hobgoblins
  4 jackals (D:3)
  2 quokkas
  2 ball pythons (D:2)
  A bat (D:2)
  A frilled lizard (D:2)
  3 kobolds
  A rat (D:2)
30 creatures vanquished.

Notes
Turn   | Place    | Note
-------+----------+-------------------------------------------
     0 | D:1      | khekkus the Merfolk Transmuter began the quest for the Orb.
     0 | D:1      | Reached XP level 1. HP: 15/15 MP: 3/3
   372 | D:1      | Found Poriotuk's Vocational Training.
   562 | D:1      | Reached XP level 2. HP: 18/21 MP: 5/5
   624 | D:1      | Found a faded altar of an unknown god.
   995 | D:1      | Learned a level 2 spell: Wereblood
  1511 | D:2      | Reached XP level 3. HP: 26/26 MP: 2/6
  1595 | D:2      | Gained mutation: You occasionally lose the ability to drink
                  | potions when taking damage. [potion of mutation]
  1595 | D:2      | Gained mutation: You have a beak for a mouth. [potion of
                  | mutation]
  1595 | D:2      | Gained mutation: Your magical capacity is low. (-10% MP)
                  | [potion of mutation]
  1595 | D:2      | Gained mutation: You possess an exceptional clarity of
                  | mind. [potion of mutation]
  2488 | D:2      | Reached skill level 4 in Unarmed Combat
  2630 | D:3      | Reached XP level 4. HP: 18/32 MP: 3/6
  2651 | D:3      | Slain by a gnoll

Illustrated notes

Levels and vault maps discovered:
D:1:      eino_arrival_cavern_b, layout_basic,
          hellmonk_ecumenical_altar_leap_of_faith, nicolae_shop_vocational
D:2:      layout_loops_ring, due_unseen_surprise
D:3:      layout_loops_ring, gup_sewer_entry_pipe, minmay_divided_ellipse,
          uniq_robin

Skill      XL: |  1  2  3 |
---------------+----------+-----
Dodging        | 3 |  3.8
Transmutations | 3 |  3.8
Unarmed Combat | 4 |  4.0
Fighting       | |  1.1
Spellcasting   | |  2.0

Action                   |  1- 3 |  4- 6 || total
-------------------------+-------+-------++-------
Melee: Unarmed           |   103 |     5 ||   108
       Headbutt          |    10 |     1 ||    11
       Punch             |     2 |       ||     2
       Peck              |     7 |     1 ||     8
 Cast: Beastly Appendage |    15 |     1 ||    16
       Wereblood         |     4 |     1 ||     5
  Use: Potion            |     3 |       ||     3
 Stab: Sleeping          |     2 |       ||     2
Armor: Robe              |    17 |       ||    17
Dodge: Dodged            |    77 |     4 ||    81
